 Dungeon Crawl Stone Soup version 0.23-a0-356-g1757c6e (webtiles) character file.

344 Cryolive the Digger (level 6, -1/32 HPs)
             Began as a Gargoyle Earth Elementalist on Oct 21, 2018.
             Was a Follower of Vehumet.
             Slain by Duvessa
             ... wielding a +0 rapier
              (15 damage)
             ... on level 5 of the Dungeon.
             The game lasted 00:14:35 (3355 turns).

Cryolive the Digger (Gargoyle Earth Elementalist)   Turns: 3355, Time: 00:14:36

Health: -1/32      AC:  8    Str: 12    XL:     6   Next: 58%
Magic:  5/12       EV: 12    Int: 17    God:    Vehumet [*.....]
Gold:   234        SH:  0    Dex: 10    Spells: 12/13 levels left

rFire    . . .     SeeInvis .   i - +0 mace
rCold    . . .     Gourm    .   (no shield)
rNeg     + . .     Faith    .   c - +0 robe
rPois    ∞         Spirit   .   (no helmet)
rElec    +         Reflect  .   g - +0 cloak
rCorr    .         Harm     .   r - +0 pair of gloves
MR       .....                  (no boots)
Stlth    ++........             (no amulet)
HPRegen  0.10/turn              (no ring)
MPRegen  0.13/turn              (no ring)

@: no status effects
A: negative energy resistance 1, electricity resistance, unbreathing,
petrification resistance, rot immunity, AC +4
a: Renounce Religion


You were on level 5 of the Dungeon.
You worshipped Vehumet.
Vehumet was aware of your devotion.
You were not hungry.

You visited 1 branch of the dungeon, and saw 5 of its levels.

You collected 234 gold pieces.

Inventory:

Hand Weapons
 i - a +0 mace (weapon)
 j - a +4 spear
Missiles
 b - 126 stones (quivered)
Armour
 c - a +0 robe (worn)
 g - a +0 cloak (worn)
 r - a +0 pair of gloves (worn)
Magical Staves
 t - an uncursed staff of energy {unknown}
Jewellery
 q - an uncursed ring of ice {unknown}
Scrolls
 f - a scroll of random uselessness
 h - a scroll of remove curse
 m - a scroll of enchant armour {unknown}
 o - a scroll of teleportation {unknown}
 s - a scroll of immolation {unknown}
Potions
 a - 2 potions of mutation {unknown}
 e - 2 potions of resistance {unknown}
 k - a potion of degeneration {unknown}
 l - 4 potions of curing
 n - 2 potions of might
 p - a potion of ambrosia {unknown}
Comestibles
 d - 8 rations


   Skills:
 - Level 0.1 Fighting
 - Level 1.9 Dodging
 - Level 2.4 Stealth
 + Level 4.4 Spellcasting
   Level 0.7 Transmutations
 + Level 6.4 Earth Magic


You had 12 spell levels left.
You knew the following spells:

 Your Spells              Type           Power        Failure   Level  Hunger
a - Sandblast             Erth           ####..       1%          1    None

Your spell library contained the following spells:

 Spells                   Type           Power        Failure   Level  Hunger
 Sting                    Conj/Pois      #...         16%         1    None
 Passwall                 Tmut/Erth      ###.....     5%          2    ##.....
 Stone Arrow              Conj/Erth      ##....       12%         3    ###....
 Lee's Rapid Deconstruct  Erth           ####......   30%         5    ######.
 Petrify                  Tmut/Erth      ###.....     34%         4    ####...


Dungeon Overview and Level Annotations

Branches:
Dungeon (5/15)
 Temple: D:4-7

Altars:
Cheibriados
Makhleb
Vehumet
Wu Jian
Xom

Annotations:
D:5 Duvessa


Innate Abilities, Weirdness & Mutations

You are resistant to torment.
Your stone body is resilient. (AC +4)
You are immune to poison.
You resist negative energy. (rN+)
You are resistant to electric shocks. (rElec)
You can survive without breathing.
You are immune to petrification.
You are immune to rotting.


Message History

Duvessa closely misses you.
Casting: Sandblast (safe; 1% risk of failure)
Confirm with . or Enter, or press ? or * to list all spells.
Aiming: Sandblast (safe; 1% risk of failure)
Press: ? - help, Shift-Dir - straight line, f/p - Duvessa
Aim: Duvessa, wielding a +0 rapier and wearing a +0 ring mail (heavily wounded, The blast of sand hits Duvessa.
Duvessa is heavily wounded.
b - 127 stones Duvessa barely misses you.
Casting: Sandblast (safe; 1% risk of failure)
Confirm with . or Enter, or press ? or * to list all spells.
Aiming: Sandblast (safe; 1% risk of failure)
Press: ? - help, Shift-Dir - straight line, f/p - Duvessa
Aim: Duvessa, wielding a +0 rapier and wearing a +0 ring mail (heavily wounded, The blast of sand hits Duvessa.
Duvessa is heavily wounded.
b - 126 stones Duvessa hits you with a +0 rapier!
You die...

############
#......)..<#
#.##########
#.# #.# #.#
#@# #e# #.#
#.# #.# #.#
#.# #.#
.e.e....#


You could see Duvessa (berserk).

Vanquished Creatures
  Dowan (D:5)
  A howler monkey (D:4)
  A bullfrog zombie (D:5)
  An orc wizard (D:3)
  A worker ant (D:4)
  A howler monkey skeleton (D:4)
  2 adders
  8 gnolls (D:4)
  An adder skeleton (D:3)
  A worm (D:3)
  A dart slug (D:1)
  A leopard gecko (D:1)
  9 orcs
  2 bats
  2 giant cockroaches (D:1)
  6 goblins
  3 hobgoblins
  5 jackals (D:1)
  A quokka (D:4)
  A ball python (D:1)
  2 frilled lizards (D:1)
  7 kobolds
  6 rats
64 creatures vanquished.

Notes
Turn   | Place    | Note
-------+----------+-------------------------------------------
     0 | D:1      | Cryolive the Gargoyle Earth Elementalist began the quest
                  | for the Orb.
     0 | D:1      | Reached XP level 1. HP: 10/10 MP: 3/3
   229 | D:1      | Reached XP level 2. HP: 4/15 MP: 3/5
   376 | D:1      | Reached skill level 4 in Earth Magic
   833 | D:1      | Reached XP level 3. HP: 17/19 MP: 6/6
  1277 | D:2      | Found a radiant altar of Vehumet.
  1289 | D:2      | Became a worshipper of Vehumet
  1621 | D:3      | Reached XP level 4. HP: 24/24 MP: 5/8
  1791 | D:3      | Reached skill level 5 in Earth Magic
  2174 | D:3      | Found a snail-covered altar of Cheibriados.
  2174 | D:3      | Found a burning altar of Makhleb.
  2258 | D:4      | Reached XP level 5. HP: 19/28 MP: 9/9
  2271 | D:4      | Found a shimmering altar of Xom.
  2858 | D:4      | Reached skill level 6 in Earth Magic
  2858 | D:4      | Reached XP level 6. HP: 31/32 MP: 4/12
  2962 | D:4      | Reached * piety under Vehumet
  2962 | D:4      | Offered knowledge of Sting by Vehumet.
  3123 | D:4      | Found an ornate altar of the Wu Jian Council.
  3248 | D:5      | Entered Level 5 of the Dungeon
  3275 | D:5      | Noticed Dowan
  3275 | D:5      | Noticed Duvessa
  3317 | D:5      | Killed Dowan
  3355 | D:5      | Slain by Duvessa

Vault maps used:
D:1:      ebering_trefoil_3fold
D:2:      lemuel_round_altar, first_ration
D:3:      gammafunk_temple_overflow_wave
D:4:      nicolae_overflow_hidden_temple, serial_glass, glass_columns_b,
          glass_columns_a, glass_columns_a, glass_columns_a, glass_columns_b,
          glass_columns_a, lemuel_altar_in_water
D:5:      tgw_trog, glass_columns_a, uniq_duvessa

Skill      XL: |  1  2  3  4  5 |
---------------+----------------+-----
Earth Magic    | 4 5 6 |  6.4
Spellcasting   | 3 4 |  4.4
Fighting       | |  0.1
Dodging        | |  1.9
Stealth        | |  2.4
Transmutations | |  0.7

Action                   |  1- 3 |  4- 6 || total
-------------------------+-------+-------++-------
Melee: Short sword       |    36 |       ||    36
       Mace              |    58 |   107 ||   165
 Cast: Sandblast         |     9 |    54 ||    63
  Use: Scroll            |       |     4 ||     4
 Stab: Sleeping          |     3 |       ||     3
  Eat: Ration            |     1 |     2 ||     3
Armor: Robe              |    34 |    60 ||    94
Dodge: Dodged            |    76 |    97 ||   173

Table legend:
 A = Non-vault XP
 B = Vault XP
 C = Vault XP percentage of total XP
 D = Non-vault monster count
 E = Vault monster count
 F = Vault count percentage of total count
                 A         B        C        D         E       F
            +---------+---------+-------+---------+---------+-------
      Total |     425 |      67 |  13.6 |      63 |       1 |   1.6
            +---------+---------+-------+---------+---------+-------
        D:1 |      38 |       0 |   0.0 |      22 |       0 |   0.0
        D:2 |      21 |       0 |   0.0 |       5 |       0 |   0.0
        D:3 |     103 |       0 |   0.0 |      22 |       0 |   0.0
        D:4 |     221 |       0 |   0.0 |      13 |       0 |   0.0
        D:5 |      42 |      67 |  61.5 |       1 |       1 |  50.0
            +---------+---------+-------+---------+---------+-------
